 Dungeon Crawl Stone Soup version 0.30-b1-5-g8e6c1be481 (webtiles) character file.

Game seed: 12993818752658980057

6748 croobank the Sneak (level 10, 0/76 HPs)
             Began as a Demonspawn Fire Elementalist on May 4, 2023.
             Was an Initiate of Gozag.
             Slain by a yak (11 damage)
             ... on level 10 of the Dungeon.
             The game lasted 00:37:15 (10558 turns).

croobank the Sneak (Demonspawn Fire Elementalist)  Turns: 10558, Time: 00:37:15

Health: 0/76       AC:  8    Str:  9    XL:     10   Next: 75%
Magic:  19/19      EV: 14    Int: 20    God:    Gozag
Gold:   813        SH:  0    Dex: 14    Spells: 14/21 levels left

rFire   + . .        m - staff of fire
rCold   . . .        (no shield)
rNeg    . . .        f - +1 leather armour
rPois   .            (no helmet)
rElec   .            (no cloak)
rCorr   .            (no gloves)
SInv    .            l - +0 pair of boots
Will    .....        u - amulet of magic regeneration
Stlth   ++           (no ring)
HPRegen 0.32/turn    (no ring)
MPRegen 0.56/turn

%: no passive effects
@: gold aura, very slow
A: icy blue scales 2, ignite blood 1, powered by pain 2
a: Renounce Religion, Potion Petition, Call Merchant, Bribe Branch


You were on level 10 of the Dungeon.
You worshipped Gozag.
Gozag was pleased with you.
You visited 2 branches of the dungeon, and saw 11 of its levels.

You collected 1369 gold pieces.
You paid 556 gold pieces to Gozag.

Inventory:

Hand Weapons
 d - a +0 dagger of venom
 e - a +0 arbalest
 g - a +0 short sword
 h - a +0 rapier
 o - a +0 quarterstaff
 C - a +3 halberd
 E - a +2 short sword of speed
Missiles
 b - 36 poisoned darts
 F - 2 curare-tipped darts
 J - 5 datura-tipped darts
 K - a throwing net
Armour
 a - a +0 robe
 f - a +1 leather armour (worn)
 i - a +0 ring mail
 l - a +0 pair of boots (worn)
 y - the +1 ring mail of Lust {Contam Rampage rElec Regen+}
   (You found it on level 6 of the Dungeon)

   rElec:     It insulates you from electricity.
   Contam:    It causes magical contamination when unequipped.
   Regen:     It increases your rate of health regeneration.
   Rampage:   It bestows one free step when moving towards enemies.
 A - a +1 buckler of protection
 L - a +0 kite shield
Magical Staves
 m - a staff of fire (weapon)
Jewellery
 u - an amulet of magic regeneration (around neck)
 G - a ring of ice
Wands
 p - a wand of roots (21)
 t - a wand of paralysis (14)
 w - a wand of flame (20)
Scrolls
 c - a scroll of amnesia
 j - 2 scrolls of vulnerability
 k - 5 scrolls of identify
 z - a scroll of enchant armour
 N - 2 scrolls of fog
Potions
 n - a potion of brilliance
 q - a potion of curing
 v - a potion of heal wounds
 I - 2 potions of attraction
 M - a potion of flight
 O - a potion of ambrosia


   Skills:
 + Level 5.9 Fighting
 - Level 3.0 Armour
 + Level 5.9 Dodging
 + Level 6.3 Stealth
 - Level 3.0 Shields
 + Level 6.0 Spellcasting
 + Level 6.2 Conjurations
 * Level 4.2 Hexes
 + Level 6.2 Fire Magic


You had 14 spell levels left.
You knew the following spells:

 Your Spells              Type           Power      Damage    Failure   Level
a - Foxfire               Conj/Fire      100%       2x1d9     1%          1
b - Scorch                Fire           92%        2d9       1%          2
c - Inner Flame           Hex/Fire       40%        N/A       4%          3
d - Slow                  Hex            92%        N/A       2%          1

Your spell library contained the following spells:

 Spells                   Type           Power      Damage    Failure   Level
 Confusing Touch          Hex            23%        N/A       8%          3
 Ensorcelled Hibernation  Hex/Ice        28%        N/A       9%          2
 Flame Wave               Conj/Fire      46%        2d12      11%         4
 Stone Arrow              Conj/Erth      36%        3d9       12%         3
 Volatile Blastmotes      Fire/Tloc      54%        2d14      12%         3
 Spider Form              Tmut/Pois      6%         N/A       38%         3
 Vampiric Draining        Necr           6%         2d6       38%         3
 Anguish                  Hex/Necr       7%         N/A       52%         4
 Animate Armour           Summ/Erth      12%        N/A       80%         4
 Lehudib's Crystal Spear  Conj/Erth      9%         10d4      100%        8


Dungeon Overview and Level Annotations

Branches:
Dungeon (10/15)            Temple (1/1) D:4
   Lair: D:8-11         Orc: D:9-12

Altars:
Ashenzari
Cheibriados
Dithmenos
Fedhas
Gozag
Hepliaklqana
Kikubaaqudgha
Makhleb
Nemelex Xobeh
Okawaru
Qazlal
Ru
Sif Muna
Trog
Uskayaw
Vehumet
Wu Jian
Xom
Yredelemnul

Shops:
D:3 :

Annotations:
D:10 Urug


Innate Abilities, Weirdness & Mutations

You are mostly covered in icy blue scales. (AC +3)
Your demonic aura sometimes causes spilled blood to erupt in flames.
You sometimes gain power by taking damage.


Message History

Casting: Foxfire (safe; 1% risk of failure)
Confirm with . or Enter, or press ? or * to list all spells.
You feel a surge of power!
Flames lash the yak.
The yak is severely wounded.
The yak's fire resistance burns away.
The yak is no longer distracted by gold.
The yak gores the plant.
The yak is engulfed in a cloud of scalding steam.
The yak closely misses you. The yak gores you but does no damage.
Casting: Scorch (safe; 1% risk of failure)
Confirm with . or Enter, or press ? or * to list all spells.
You feel a surge of power!
Flames lash the yak.
The yak is moderately wounded.
The yak's fire resistance burns away.
A nearby plant withers and dies.
The yak is engulfed in a cloud of scalding steam. x2
The yak closely misses you.
Casting: Scorch (safe; 1% risk of failure)
Confirm with . or Enter, or press ? or * to list all spells.
You feel a surge of power!
You conjure some foxfire!
The yak is engulfed in a cloud of scalding steam.
You kill the yak!
The yak is distracted by your dazzling golden aura.
The yak is engulfed in a cloud of scalding steam.
The yak gores you but does no damage. The yak gores you!
* * * LOW HITPOINT WARNING * * *
You focus on the pain.
You feel your power returning.
The yak bellows!
Your foxfire dissipates!
The yak attacks as you move away! The yak completely misses you.
The yak is no longer distracted by gold.
The yak is engulfed in a cloud of scalding steam.
The yak is distracted by your dazzling golden aura.
The yak gores you!
* * * LOW HITPOINT WARNING * * *
The yak is engulfed in a cloud of scalding steam.
The yak barely misses you.
The yak is engulfed in a cloud of scalding steam.
The yak gores you!
You die...
Your body crumbles into a pile of gold.

## ♣♣♣~~~~~♣## ...~
##~♣♣~~≈~≈~~~~# ..~ y..
##~♣~~~≈≈~~~)~P♣## #.~
...####~~~PP~≈≈≈≈≈P~~~~##.# #.~
#.....~~P~~~~~≈≈≈≈≈~~~~##.# #~
#.....~~~~~~~≈~~≈~~~~.....# #~
#.........................# ###~
#.....♣≈~~~≈≈~~~≈Y~≈~.~...# #..~
#...#~~~≈≈≈≈≈~~~@Y§Y~.~~..####.#~
#...#~~~P≈≈≈~~♣♣♣YY~$.P♣P.......~
#....♣P~P~≈≈♣♣♣ ♣♣Y~~.~P♣~......)
#....~~~P~~~♣ ♣YY~.~~♣~......)
#..##PPP)~~~♣ ♣~~~.~P♣♣....... #.
##♣P~~~♣♣ ♣~≈$.~~♣........ .
#~~♣## .~~~.~♣~........ ##~#
..~~~.~♣♣........ ###
...♣~~.~♣~........


You could see 8 yaks.

Vanquished Creatures
  A two-headed ogre (D:10)
  4 oklob plants (D:9)
  A gargoyle (D:9)
  Eustachio (D:4)
  2 yaks (D:10)
  An acid dragon (D:7)
  3 water moccasins
  A floating eye (D:9)
  A black bear (D:8)
  4 orc warriors
  A sky beast (D:8)
  2 ogres
  An ice beast (D:8)
  2 centaurs
  A phantom (D:6)
  2 gnoll sergeants (D:9)
  4 kobold brigands
  2 bullfrogs (D:7)
  5 scorpions
  4 wights (D:7)
  5 killer bees (D:9)
  3 howler monkeys
  2 electric eels
  2 jellies
  2 orc priests (D:9)
  2 hounds (D:5)
  A gnoll bouda (D:8)
  4 iguanas
  A sleepcap (D:7)
  12 orc wizards
  4 adders
  18 gnolls
  An ufetubus (D:5)
  A worm (D:4)
  3 dart slugs
  26 orcs
  4 endoplasms
  6 goblins
  12 hobgoblins
  A jackal (D:3)
  2 quokkas (D:4)
  9 ball pythons
  5 bats
  2 frilled lizards
  30 kobolds
  4 rats (D:1)
205 creatures vanquished.

Vanquished Creatures (collateral kills)
  28 foxfires
28 creatures vanquished.

Vanquished Creatures (others)
  682 foxfires
  54 plants
736 creatures vanquished.

Grand Total: 969 creatures vanquished

Notes
Turn   | Place    | Note
-------+----------+-------------------------------------------
     0 | D:1      | croobank the Demonspawn Fire Elementalist began the quest
                  | for the Orb.
     0 | D:1      | Reached XP level 1. HP: 13/13 MP: 3/3
   347 | D:1      | Gained mutation: You are partially covered in icy blue
                  | scales. (AC +2) [demonic ancestry]
   347 | D:1      | Reached XP level 2. HP: 19/19 MP: 0/5
   401 | D:1      | Learned a level 2 spell: Scorch
  1536 | D:2      | Gained mutation: You sometimes gain a little power by
                  | taking damage. [demonic ancestry]
  1536 | D:2      | Reached XP level 3. HP: 15/25 MP: 0/6
  1622 | D:2      | Found an iron altar of Okawaru.
  2222 | D:3      | Reached skill level 1 in Fighting
  2280 | D:3      | Found a faded altar of an unknown god.
  2284 | D:3      | Found a sparkling altar of Nemelex Xobeh.
  2542 | D:3      | Found Fuaskot's Vocational Training.
  2552 | D:3      | Reached XP level 4. HP: 21/32 MP: 2/7
  2873 | D:4      | Noticed a scorpion
  2898 | D:4      | Killed a scorpion
  2899 | D:4      | Reached XP level 5. HP: 13/37 MP: 3/9
  2995 | D:4      | Found a staircase to the Ecumenical Temple.
  3030 | Temple   | Entered the Ecumenical Temple
  3186 | Temple   | Became a worshipper of Gozag Ym Sagoz the Greedy
  3403 | D:4      | Noticed Eustachio
  3451 | D:4      | Killed Eustachio
  3452 | D:4      | Gained mutation: You sometimes gain power by taking damage.
                  | [demonic ancestry]
  3452 | D:4      | Reached XP level 6. HP: 44/44 MP: 2/10
  3868 | D:4      | You fall into a shaft and drop 2 floors!
  4201 | D:6      | Gained mutation: Your demonic aura sometimes causes spilled
                  | blood to erupt in flames. [demonic ancestry]
  4201 | D:6      | Reached XP level 7. HP: 51/51 MP: 8/12
  4558 | D:5      | Entered Level 5 of the Dungeon
  4625 | D:5      | Found an iron altar of Okawaru.
  5001 | D:4      | Found an ornate altar of the Wu Jian Council.
  5376 | D:5      | Reached XP level 8. HP: 58/58 MP: 11/14
  5614 | D:5      | Reached skill level 1 in Armour
  6016 | D:6      | Found a broken altar of Ashenzari.
  6185 | D:6      | Identified the +1 ring mail of Lust {Contam Rampage rElec
                  | Regen+}
  6725 | D:7      | Found a sacrificial altar of Ru.
  7134 | D:7      | Reached skill level 1 in Shields
  7271 | D:7      | Gained mutation: You are mostly covered in icy blue scales.
                  | (AC +3) [demonic ancestry]
  7271 | D:7      | Reached XP level 9. HP: 57/65 MP: 10/16
  7309 | D:7      | Identified a scroll of acquirement
  7310 | D:7      | Acquired a staff of fire
  7377 | D:7      | Reached skill level 5 in Fire Magic
  7656 | D:8      | Found a basalt altar of Yredelemnul.
  7758 | D:8      | Reached skill level 5 in Stealth
  7759 | D:8      | Reached skill level 5 in Spellcasting
  7791 | D:8      | Reached skill level 5 in Conjurations
  8466 | D:9      | Reached skill level 5 in Dodging
  8806 | D:9      | Noticed an oklob plant
  8812 | D:9      | Learned a level 3 spell: Inner Flame
  8814 | D:9      | Learned a level 1 spell: Slow
  8868 | D:9      | Reached skill level 5 in Fighting
  8872 | D:9      | Reached skill level 1 in Hexes
  9183 | D:9      | Noticed a gargoyle
  9202 | D:9      | Killed a gargoyle
  9203 | D:9      | Reached XP level 10. HP: 18/74 MP: 15/18
  9419 | D:9      | Found a snail-covered altar of Cheibriados.
  9706 | D:9      | Paralysed by a floating eye for 2 turns
  9709 | D:9      | Noticed an oklob plant
  9735 | D:9      | Killed an oklob plant
  9859 | D:9      | Noticed an oklob plant
  9859 | D:9      | Noticed an oklob plant
  9902 | D:9      | Killed an oklob plant
  9907 | D:9      | Killed an oklob plant
 10019 | D:9      | Killed an oklob plant
 10210 | D:10     | Entered Level 10 of the Dungeon
 10395 | D:10     | Noticed Urug
 10406 | D:10     | Noticed a two-headed ogre
 10414 | D:10     | Killed a two-headed ogre
 10558 | D:10     | Slain by a yak

Illustrated notes

Levels and vault maps discovered:
D:1:      moated_graveyard_arrival, layout_loops_corners
D:2:      layout_basic, basic_altar
D:3:      minmay_evil_eye, layout_rooms, nemelex_xobeh_ov_fountains_minmay,
          basic_ecumenical_altar, nicolae_shop_vocational
D:4:      layout_loops_ring, nicolae_wu_jian_immortal_techniques,
          minmay_temple_entry_sparse_star, kennysheep_generic_room_9,
          uniq_eustachio
D:5:      layout_cave_pods, amcnicky_altar_gilded, overflow_temple_1_default,
          minivault_24
D:6:      layout_loops_ring, ashenzari_altar_1, serial_park_tiny_1
D:7:      layout_gridville, mainiacjoe_overflow_small_starburst,
          mainiacjoe_overflow_alcove_1, serial_bayou_lagoon_a
D:8:      layout_basic, mainiacjoe_overflow_catwalk
D:9:      layout_basic, mainiacjoe_overflow_alcove_4, disabler_island
D:10:     layout_small_grid, erik_lair_orcish_takeover,
          lightli_bailey_entry_fortress, serial_bayou, serial_bayou_lagoon_b,
          serial_bayou_shore_b, serial_bayou_pond_e, serial_bayou_pond_a,
          uniq_joseph, uniq_urug
Temple:   nicolae_temple_figure_eight

Skill      XL: |  1  2  3  4  5  6  7  8  9 10 |
---------------+-------------------------------+-----
Stealth        | 2 3 4 5 6 |  6.3
Dodging        | 2 3 4 5 |  5.9
Fire Magic     | 3 4 5 6 |  6.2
Fighting       | 1 2 3 4 5 |  5.9
Conjurations   | 2 3 4 5 6 |  6.2
Spellcasting   | 3 4 5 6 |  6.0
Armour         | 3 |  3.0
Shields        | 1 2 3 |  3.0
Hexes          | 1 4 |  4.2

Action                     |  1- 3 |  4- 6 |  7- 9 | 10-12 || total
---------------------------+-------+-------+-------+-------++-------
  Melee: Dagger            |    13 |    62 |    21 |       ||    96
         Punch             |       |     2 |       |       ||     2
         Staff             |       |       |     7 |     3 ||    10
   Cast: Foxfire           |    42 |    22 |   198 |   138 ||   400
         Scorch            |    21 |    28 |   137 |    12 ||   198
 Invoke: Potion Petition   |       |       |     1 |       ||     1
  Evoke: Wand              |       |     5 |     2 |       ||     7
    Use: Potion            |       |     5 |     1 |       ||     6
         Scroll            |       |     1 |    11 |    12 ||    24
   Stab: Sleeping          |     2 |     2 |       |       ||     4
         Invisible         |       |     3 |       |       ||     3
 Armour: Robe              |    10 |    32 |    11 |       ||    53
         Leather armour    |       |       |    30 |     7 ||    37
  Dodge: Dodged            |    12 |    73 |    88 |    26 ||   199
